 Dungeon Crawl Stone Soup version 0.21.1-1-g345015f (webtiles) character file.

2126 chorionicmirror the Chopper (level 9, 0/69 HPs)
             Began as a Demonspawn Abyssal Knight on June 21, 2018.
             Was an Initiate of Wu Jian.
             Slain by a thrashing horror (6 damage)
             ... created by the touch of Lugonu
             ... on level 2 of the Abyss.
             The game lasted 00:37:49 (6647 turns).

chorionicmirror the Chopper (DsAK)                  Turns: 6647, Time: 00:37:53

Health: 0/69       AC: 13    Str: 17    XL:     9   Next: 8%
Magic:  0/21       EV: 11    Int: 13    God:    Wu Jian [......]
Gold:   136        SH:  0    Dex: 12    Spells: 10/10 levels left

rFire    + . .     SeeInvis .   t - +2 war axe (chop)
rCold    + . .     Gourm    .   (no shield)
rNeg     . . .     Faith    .   h - +2 leather armour {rF+}
rPois    .         Spirit   +   d - +0 helmet
rElec    .         Reflect  .   m - +0 cloak
rCorr    .         Harm     .   f - +2 pair of gloves
MR       .....                  v - +0 pair of boots
Stlth    +++.......             (no amulet)
HPRegen  0.00/turn              o - ring of magical power
MPRegen  0.34/turn              r - ring of stealth

@: flying, non-regenerating, diseased, constricted
A: claws 1, cold resistance 1, demonic guardian 1, shaggy fur 1, wild magic 1,
magic shield, magic regeneration, sturdy frame 2
a: Renounce Religion


You were on level 2 of the Abyss.
You worshipped Wu Jian.
Wu Jian was noncommittal.
You were not hungry.

You visited 1 branch of the dungeon, and saw 6 of its levels.
You visited the Abyss 2 times.

You collected 178 gold pieces.
You spent 42 gold pieces at shops.

Inventory:

Hand Weapons
 t - a +2 war axe of chopping (weapon)
Missiles
 g - 112 arrows
Armour
 d - a +0 helmet (worn)
 f - a +2 pair of gloves (worn)
 h - a +2 leather armour of fire resistance (worn)
 m - a +0 cloak (worn)
 v - a +0 pair of boots (worn)
Jewellery
 o - a ring of magical power (left hand)
 r - a ring of stealth (right hand)
Wands
 l - a wand of random effects (37)
 w - a wand of acid (6)
Scrolls
 a - a scroll of fear {unknown}
 b - a scroll of fog
 i - a scroll of enchant weapon {unknown}
 k - a scroll of enchant armour
 n - a scroll of magic mapping
 p - a scroll of amnesia
 q - 7 scrolls of identify
Comestibles
 c - 8 rations
 s - 4 chunks of flesh


   Skills:
 + Level 5.7 Fighting
   Level 2.6 Long Blades
 * Level 5.8 Axes
 - Level 1.0 Throwing
 + Level 4.8 Armour
 + Level 4.3 Dodging
 - Level 2.1 Stealth
 - Level 1.0 Unarmed Combat
 - Level 1.0 Spellcasting
   Level 4.1 Invocations
 - Level 1.5 Evocations


You had 10 spell levels left.
You didn't know any spells.

Dungeon Overview and Level Annotations

Branches:
Dungeon (6/15)             Temple (0/1) D:5

Altars:
Ashenzari
Cheibriados
Gozag
Nemelex Xobeh
Okawaru
Qazlal
Uskayaw
Wu Jian
Xom
Yredelemnul

Shops:
D:4 **   D:6 %


Innate Abilities, Weirdness & Mutations

You have sharp fingernails.
A weak demonic guardian rushes to your aid.
When hurt, damage is shared between your health and your magic reserves.
You regenerate magic rapidly.
Your movements are less encumbered by armour. (ER -4)
Your flesh is cold resistant. (rC+)
You are covered in fur. (AC +1)
Your spells are a little harder to cast, but a little more powerful.


Message History

The tentacle pulls you backwards! The starspawn tentacle grabs you.
The starspawn tentacle constricts you.
The iron imp disappears for a moment.
A starspawn tentacle segment comes into view.
You feel better. The thrashing horror tramples you.
You are shoved backwards!
The thrashing horror closely misses you.
The thrashing horror tramples you but does no damage.
You feel ill. The tentacle pulls you backwards!
The starspawn tentacle loses its grip on you.
The tentacle pulls you backwards! The starspawn tentacle grabs you.
The starspawn tentacle constricts you. The thrashing horror barely misses you.
The thrashing horror tramples you but does no damage. 2 starspawn tentacle segments come into view.
As you read the scroll of fog, it crumbles to dust.
The scroll dissolves into smoke.
The thrashing horror tramples you!
* * * LOW HITPOINT WARNING * * *
You hold your ground!
The thrashing horror barely misses you.
The thrashing horror tramples you but does no damage. x2
The thrashing horror barely misses you. The thrashing horror tramples you.
You die...

# .. .. ........ ..
#. ....$.... .......
#................. .
.## ........##. .. #
######.......##......
# #.#.#....X......
......
#...§.§..│>.........
.. #..§Λw//..........
#.w@VVx..5..... ...
#..#hXXhhX....5... .
. #.
##h5G...?......... #
#........##......##
..5........##......#
#..#.............
.... ...
#.............. ....
.. .#...............
.. .
.###Z................


You could see a tentacled starspawn, 2 thrashing horrors, a large abomination,
an eye of draining, 4 hell hounds, 2 starspawn tentacles and an ufetubus.

Vanquished Creatures
  Prince Ribbit (D:6)
  A water moccasin (D:6)
  Duvessa (D:5)
  A centaur (D:6)
  2 ogres (D:5)
  A bullfrog (D:6)
  2 scorpions
  A howler monkey (D:6)
  A hound (D:4)
  2 jellies
  4 orc wizards
  Crazy Yiuf (D:5)
  2 orc priests
  An iguana (D:5)
  6 worker ants
  The ghost of dscm the Grave Robber, a weakling DsNe (D:3)
  A hound skeleton (D:5)
  2 worker ant zombies (D:5)
  7 gnolls
  6 adders
  2 shadow imps (D:5)
  An ooze (D:4)
  2 adder skeletons
  5 worms
  2 dart slugs (D:1)
  4 leopard geckos
  24 orcs
  4 ball pythons
  7 giant cockroaches
  10 goblins
  5 hobgoblins (D:3)
  4 jackals (D:6)
  6 kobolds
  4 quokkas
  10 bats
  3 frilled lizards
  A jackal skeleton (D:6)
  A leopard gecko zombie (D:6)
  5 rats
144 creatures vanquished.

Vanquished Creatures (collateral kills)
  The ghost of Hebeh the Chopper, an amateur DDFi (D:5)
  Grinder (D:5)
  Eustachio (D:4)
  A bullfrog (D:6)
  Dowan (D:5)
  Ijyb (D:5)
  A worker ant (D:5)
  An adder (D:5)
  3 orcs (D:6)
11 creatures vanquished.

Vanquished Creatures (others)
  2 starspawn tentacles (Abyss:2)
2 creatures vanquished.

Grand Total: 157 creatures vanquished

Notes
Turn   | Place    | Note
-------+----------+-------------------------------------------
     0 | Abyss:1  | chorionicmirror the Demonspawn Abyssal Knight began the quest for the Orb.
     0 | Abyss:1  | Reached XP level 1. HP: 18/18 MP: 2/2
    25 | Abyss:1  | Noticed a ynoxinul
    25 | D:1      | Escaped the Abyss
   138 | D:1      | Reached skill level 1 in Dodging
   178 | D:1      | Reached * piety under Lugonu
   190 | D:1      | Gained mutation: When hurt, damage is shared between your health and your magic reserves. [demonic ancestry]
   190 | D:1      | Reached XP level 2. HP: 11/24 MP: 3/3
  1054 | D:2      | Gained mutation: You regenerate magic rapidly. [demonic ancestry]
  1054 | D:2      | Reached XP level 3. HP: 24/29 MP: 5/5
  1327 | D:2      | Gained mutation: A weak demonic guardian rushes to your aid. [demonic ancestry]
  1327 | D:2      | Reached XP level 4. HP: 27/35 MP: 6/6
  2069 | D:2      | Gained mutation: Your flesh is cold resistant. (rC+) [potion of mutation]
  2069 | D:2      | Gained mutation: Your spells are a little harder to cast, but a little more powerful. [potion of mutation]
  2069 | D:2      | Gained mutation: You are covered in fur. (AC +1) [potion of mutation]
  2101 | D:3      | Reached ** piety under Lugonu
  2101 | D:3      | Reached skill level 1 in Stealth
  2166 | D:3      | Noticed dscm's ghost (weakling DsNe)
  2169 | D:3      | Found a snail-covered altar of Cheibriados.
  2170 | D:3      | Found a basalt altar of Yredelemnul.
  2174 | D:3      | Killed dscm's ghost
  2313 | D:3      | Found a sparkling altar of Nemelex Xobeh.
  2349 | D:3      | Reached skill level 1 in Axes
  2349 | D:3      | Gained mutation: Your movements are slightly less encumbered by armour. (ER -2) [demonic ancestry]
  2349 | D:3      | Reached XP level 5. HP: 35/41 MP: 7/7
  2852 | D:3      | Found a shimmering altar of Xom.
  2968 | D:3      | Found a stormy altar of Qazlal.
  2968 | D:3      | Found an iron altar of Okawaru.
  3249 | D:4      | Found Onitix's Assorted Antiques.
  3585 | D:4      | Bought a scroll labeled ZUKHOTR HACKO for 21 gold pieces
  3585 | D:4      | Bought a scroll labeled JAIMIP CEHUGAA for 21 gold pieces
  3637 | D:4      | Gained mutation: Your movements are less encumbered by armour. (ER -4) [demonic ancestry]
  3637 | D:4      | Reached XP level 6. HP: 39/48 MP: 8/8
  3722 | D:4      | Found Enifagh's Elemental Accessories.
  3729 | D:4      | Found an opulent altar of Gozag.
  4091 | D:4      | Noticed Eustachio
  4098 | D:4      | Killed Eustachio
  4098 | D:4      | Reached *** piety under Lugonu
  4161 | D:4      | Reached skill level 1 in Unarmed Combat
  4529 | D:4      | Gained mutation: You have sharp fingernails. [demonic ancestry]
  4529 | D:4      | Reached XP level 7. HP: 54/54 MP: 10/10
  4600 | D:5      | Entered Level 5 of the Dungeon
  4693 | D:5      | Noticed Ijyb
  4708 | D:5      | Killed Ijyb
  4714 | D:5      | Reached skill level 1 in Throwing
  4714 | D:5      | Reached skill level 1 in Spellcasting
  4736 | D:5      | Found a staircase to the Ecumenical Temple.
  4789 | D:5      | Found a hide-covered altar of Uskayaw.
  4798 | D:5      | Noticed Duvessa
  4798 | D:5      | Noticed Dowan
  4811 | D:5      | Killed Duvessa
  4815 | D:5      | Killed Dowan
  4818 | D:5      | Noticed Hebeh's ghost (amateur DDFi)
  4835 | D:5      | Killed Hebeh's ghost
  4835 | D:5      | Reached skill level 1 in Evocations
  4835 | D:5      | Reached XP level 8. HP: 41/61 MP: 11/11
  5198 | D:5      | Noticed Grinder
  5210 | D:5      | Killed Grinder
  5210 | D:5      | Reached skill level 5 in Fighting
  5220 | D:5      | Reached **** piety under Lugonu
  5251 | D:5      | Found a snail-covered altar of Cheibriados.
  5567 | D:5      | Found a runed door.
  5571 | D:5      | Noticed Crazy Yiuf
  5579 | D:5      | Paralysed by Crazy Yiuf for 4 turns
  5584 | D:5      | Killed Crazy Yiuf
  5794 | D:6      | Reached skill level 5 in Axes
  5815 | D:6      | Noticed Prince Ribbit
  6157 | D:6      | Found Qujip's Food Boutique.
  6213 | D:6      | Found an ornate altar of the Wu Jian Council.
  6272 | D:6      | Fell from the grace of Lugonu
  6272 | D:6      | Became a worshipper of the Wu Jian Council
  6468 | D:6      | Found a shattered altar of Ashenzari.
  6554 | D:6      | Killed Prince Ribbit
  6554 | D:6      | Reached XP level 9. HP: 57/69 MP: 12/12
  6584 | D:6      | Noticed a wretched star
  6584 | D:6      | Cast into level 2 of the Abyss (Lugonu's touch)
  6591 | Abyss:2  | Noticed a tentacled starspawn
  6609 | Abyss:2  | Noticed a thrashing horror
  6609 | Abyss:2  | Noticed a thrashing horror
  6626 | Abyss:2  | Noticed an ancient zyme
  6647 | Abyss:2  | Slain by a thrashing horror

Skill      XL: |  1  2  3  4  5  6  7  8 |
---------------+-------------------------+-----
Dodging        | 1 2 3 4 |  4.3
Long Blades    | 2 |  2.6
Armour         | 2 3 4 |  4.8
Invocations    | 3 4 |  4.1
Stealth        | 1 2 |  2.1
Axes           | 1 2 4 5 |  5.8
Fighting       | 4 5 |  5.7
Unarmed Combat | 1 |  1.0
Throwing       | 1 |  1.0
Spellcasting   | 1 |  1.0
Evocations     | 1 |  1.5

Action                   |  1- 3 |  4- 6 |  7- 9 || total
-------------------------+-------+-------+-------++-------
Melee: Falchion          |    65 |       |       ||    65
       War axe           |    21 |   188 |   206 ||   415
       Unarmed           |       |       |     7 ||     7
Invok: Depart the Abyss  |     1 |       |       ||     1
       Bend Space        |       |     1 |       ||     1
       Lunge             |       |       |     4 ||     4
Evoke: Wand              |       |       |     1 ||     1
  Use: Potion            |     1 |     5 |     6 ||    12
       Scroll            |       |    12 |     1 ||    13
 Stab: Sleeping          |     1 |     4 |     4 ||     9
       Distracted        |       |     1 |     1 ||     2
  Eat: Chunk             |     1 |     4 |     5 ||    10
       Ration            |       |     2 |     1 ||     3
Armor: Ring mail         |    41 |   103 |       ||   144
       Plate armour      |       |    36 |    65 ||   101
       Leather armour    |       |       |    78 ||    78
Dodge: Dodged            |    54 |   147 |   165 ||   366
       Rpst.: Falchion   |     7 |       |       ||     7
